 Dungeon Crawl Stone Soup version 0.27.1-3-gb3d3a73c9e (webtiles) character file.

Game seed: 5404664817523371266

5460 pkoi the Grappler (level 10, -7/83 HPs)
             Began as a Troll Monk on Oct 13, 2021.
             Was an Elder of Hepliaklqana.
             Shot with an arrow by a centaur warrior (9 damage)
             ... on level 9 of the Dungeon.
             The game lasted 00:09:01 (6446 turns).

pkoi the Grappler (Troll Monk)                      Turns: 6446, Time: 00:09:01

Health: -7/83      AC: 11    Str: 24    XL:     10   Next: 41%
Magic:  13/13      EV: 12    Int:  6    God:    Hepliaklqana [****..]
Gold:   385        SH:  0    Dex: 12    Spells: 9/9 levels left

rFire    . . .     SeeInvis .     - Unarmed
rCold    . . .     Faith    .   (no shield)
rNeg     . . .     Spirit   .   q - +0 steam dragon scales
rPois    .         Reflect  .   (helmet restricted)
rElec    .         Harm     .   (no cloak)
rCorr    .         Rampage  .   (gloves unavailable)
Will     .....                  (boots unavailable)
Stlth    ++........             (no amulet)
HPRegen  1.23/turn              c - +4 ring of protection
MPRegen  0.13/turn              (no ring)

@: about to teleport
A: reduced essence, large, unfitting armour, claws 3, regeneration 1, shaggy fur
1, tough skin 1
a: Renounce Religion, Recall Ancestor, Ancestor Identity, Transference, Idealise


You were on level 9 of the Dungeon.
You worshipped Hepliaklqana.
Hepliaklqana was greatly pleased with you.
You visited 1 branch of the dungeon, and saw 9 of its levels.

You collected 385 gold pieces.

Inventory:

Missiles
 h - a throwing net (quivered)
 p - 20 poisoned darts
Armour
 a - a +1 robe
 q - +0 steam dragon scales (worn)
Jewellery
 c - a +4 ring of protection (left claw)
Wands
 m - a wand of acid (9)
Scrolls
 b - a scroll of identify
 d - 2 scrolls of silence
 g - 3 scrolls of enchant armour
 i - a scroll of teleportation
Potions
 e - 2 potions of ambrosia
 f - a potion of mutation
 j - 3 potions of curing
 k - a potion of lignification {unknown}
 l - 2 potions of brilliance
 n - a potion of might
 o - a potion of cancellation


   Skills:
 - Level 4.2 Fighting
 + Level 6.7 Dodging
 - Level 1.0 Stealth
 + Level 10.7 Unarmed Combat
 + Level 5.5 Invocations
 + Level 3.6 Evocations


You had 9 spell levels left.
You didn't know any spells.
Your spell library contained the following spells:

 Spells                   Type           Power      Damage    Failure   Level
 Magic Dart               Conj           0%         1d3       45%         1
 Shock                    Conj/Air       0%         1d3       45%         1
 Call Imp                 Summ           0%         N/A       58%         2
 Searing Ray              Conj           0%         3d3       58%         2
 Static Discharge         Conj/Air       0%         N/A       58%         2
 Conjure Flame            Conj/Fire      0%         6-21      83%         3
 Ignite Poison            Fire/Tmut/Pois 0%         N/A       83%         3
 Mephitic Cloud           Conj/Pois/Air  0%         N/A       83%         3
 Swiftness                Air            0%         N/A       83%         3
 Airstrike                Air            0%         N/A       99%         4
 Dispel Undead            Necr           0%         3d6       99%         4
 Fulminant Prism          Conj/Hex       0%         3d6       99%         4
 Sticky Flame             Conj/Fire      0%         2d3       99%         4
 Lightning Bolt           Conj/Air       0%         1d11      100%        5
 Maxwell's Capacitive Co  Air            0%         ∞         100%        8


Dungeon Overview and Level Annotations

Branches:
Dungeon (9/15)             Temple (0/1) D:5
   Lair: D:8-11         Orc: D:9-12

Altars:
Hepliaklqana
Vehumet
Wu Jian
Xom
Yredelemnul
The Shining One

Shops:
D:3 *   D:4 *   D:8 ?


Innate Abilities, Weirdness & Mutations

Your life essence is reduced to manifest your ancestor. (-10% HP)
You are too large for most types of armour.
You have claws for hands.
Your natural rate of healing is unusually fast.
You are covered in fur. (AC +1)
You have tough skin. (AC +1)


Message History

Unknown command.
Things that are here:
a +0 shortbow; 21 arrows; a +0 dagger Unknown command.
The boulder beetle completely misses Nisa.
The boulder beetle bites Nisa!
Nisa hits the boulder beetle with a +0 flail!
Nisa hits the boulder beetle with a +0 flail!
The boulder beetle leaps!
Nisa hits the orc warrior with a +0 flail!
The orc warrior hits Nisa with a +0 scimitar!
Nisa hits the orc warrior with a +0 flail!
The orc warrior dies!
Nisa closely misses the orc wizard.
The boulder beetle leaps!
You swap places.
An orc priest comes into view. It is wielding a +0 club.
The orc wizard hits you but does no damage.
You mangle the orc wizard!!
You kill the orc wizard!
You swap places.
The orc priest hits Nisa with a +0 club.
The boulder beetle bites Nisa!
Nisa is destroyed!
Things that are here:
a +0 shortbow; 21 arrows; a +0 dagger A centaur warrior comes into view.
Found a masterwork ring mail.
The centaur warrior shouts!
The centaur warrior wields a +0 shortbow.
The centaur warrior shoots an arrow.
The arrow hits you!!
* * * LOW HITPOINT WARNING * * *
The orc priest mumbles some strange prayers to Beogh against you.
Pain shoots through your body!
* * * LOW HITPOINT WARNING * * *
As you read the scroll of teleportation, it crumbles to dust.
You feel strangely unstable.
The centaur warrior shoots an arrow.
The arrow hits you!
* * * LOW HITPOINT WARNING * * *
The centaur warrior shoots an arrow.
The arrow hits you!
You die...

.........
#.#######
#..######..
#........).
#..#######.
..## ...# .##
###..# ##
#$##..# ### #
#..##.. ##@# #
...##.###)#.# #
#..##.#.###.c #
#...#oB## ##[#
#. #..|...# .#
##.. #...#..# #
.##..###..##..#
..##.....####.#
#..###.....###.


You could see a boulder beetle, a centaur warrior and an orc priest.

Vanquished Creatures
  A centaur warrior (D:9)
  A two-headed ogre (D:9)
  An unseen horror (D:6)
  2 hornets
  Prince Ribbit (D:5)
  A wyvern (D:7)
  A yak (D:9)
  A steam dragon (D:9)
  2 water moccasins (D:8)
  Duvessa (D:5)
  An ice beast (D:5)
  3 orc warriors
  2 black bears
  A necrophage (D:4)
  An ogre (D:4)
  A centaur (D:8)
  2 phantoms
  A kobold brigand (D:6)
  3 bullfrogs
  A water moccasin skeleton (D:3)
  2 lava snakes (D:9)
  2 centaur zombies (D:9)
  A bullfrog skeleton (D:5)
  2 orc priests
  A gnoll shaman (D:4)
  6 orc wizards
  A hound skeleton (D:4)
  4 gnolls
  2 adders
  4 dart slugs
  15 orcs
  7 endoplasms
  A giant cockroach (D:2)
  5 goblins
  8 hobgoblins
  2 jackals (D:1)
  3 quokkas
  10 ball pythons
  A bat (D:2)
  4 frilled lizards
  3 kobolds
  8 rats
120 creatures vanquished.

Vanquished Creatures (collateral kills)
  An acid dragon (D:8)
  2 orc warriors
  A hornet zombie (D:8)
  A phantom (D:6)
  A kobold brigand (D:9)
  Dowan (D:5)
  A water moccasin skeleton (D:7)
  An electric eel (D:8)
  A centaur zombie (D:5)
  2 orc wizards (D:4)
  A scorpion zombie (D:5)
  3 gnolls (D:4)
  A white imp (D:8)
  5 orcs
  An endoplasm (D:4)
  5 kobolds (D:6)
28 creatures vanquished.

Vanquished Creatures (others)
  A knight (D:9)
1 creature vanquished.

Grand Total: 149 creatures vanquished

Notes
Turn   | Place    | Note
-------+----------+-------------------------------------------
     0 | D:1      | pkoi the Troll Monk began the quest for the Orb.
     0 | D:1      | Reached XP level 1. HP: 22/22 MP: 0/0
   181 | D:1      | Reached XP level 2. HP: 29/29 MP: 1/1
   250 | D:1      | Reached skill level 4 in Unarmed Combat
   517 | D:1      | Reached XP level 3. HP: 36/36 MP: 2/2
   710 | D:2      | Found a faded altar of an unknown god.
  1209 | D:3      | Found Xemaror's Assorted Antiques.
  1288 | D:3      | Reached skill level 5 in Unarmed Combat
  1288 | D:3      | Reached XP level 4. HP: 32/44 MP: 3/3
  1551 | D:3      | Found a hazy altar of Hepliaklqana.
  2268 | D:3      | Became a worshipper of Hepliaklqana the Forgotten
  2268 | D:3      | Reached * piety under Hepliaklqana
  2268 | D:3      | Reached ** piety under Hepliaklqana
  2269 | D:3      | Remembered your ancestor Nisa as a knight
  2330 | D:4      | Reached XP level 5. HP: 45/45 MP: 4/4
  2334 | D:4      | Noticed a black bear
  2350 | D:4      | Killed a black bear
  2351 | D:4      | Reached skill level 6 in Unarmed Combat
  2353 | D:4      | Reached XP level 6. HP: 39/53 MP: 5/5
  2456 | D:4      | Found Dayviepo's General Store.
  2559 | D:4      | Reached skill level 7 in Unarmed Combat
  2644 | D:4      | Identified the +1 ring mail of Freedom {+Inv rElec Str-4
                  | Int+3}
  2930 | D:5      | Entered Level 5 of the Dungeon
  2943 | D:4      | Reached XP level 7. HP: 16/59 MP: 6/6
  2987 | D:4      | Reached skill level 8 in Unarmed Combat
  3028 | D:5      | Noticed Prince Ribbit
  3113 | D:5      | Killed Prince Ribbit
  3114 | D:5      | Reached XP level 8. HP: 58/70 MP: 7/7
  3216 | D:5      | Found a staircase to the Ecumenical Temple.
  3329 | D:5      | Noticed Dowan
  3330 | D:5      | Noticed Duvessa
  3339 | D:5      | Killed Duvessa
  3340 | D:5      | Killed Dowan
  3375 | D:5      | Found a basalt altar of Yredelemnul.
  3381 | D:5      | Found a radiant altar of Vehumet.
  3385 | D:5      | Found a glowing golden altar of the Shining One.
  3465 | D:5      | Reached *** piety under Hepliaklqana
  3545 | D:6      | Killed an unseen horror
  3546 | D:6      | Reached skill level 9 in Unarmed Combat
  3546 | D:6      | Reached skill level 1 in Invocations
  3951 | D:6      | Found a shimmering altar of Xom.
  4693 | D:7      | Reached skill level 5 in Dodging
  4902 | D:7      | Reached XP level 9. HP: 36/75 MP: 10/10
  5137 | D:7      | Reached **** piety under Hepliaklqana
  5486 | D:8      | Reached skill level 1 in Evocations
  5502 | D:8      | Noticed a catoblepas
  5502 | D:8      | Noticed a gargoyle
  5503 | D:8      | Noticed a boulder beetle
  5503 | D:8      | Noticed a brown ugly thing
  5503 | D:8      | Noticed a tengu conjurer
  5506 | D:8      | Noticed a green ugly thing
  5506 | D:8      | Noticed a deep elf pyromancer
  5506 | D:8      | Noticed a meliai
  5506 | D:8      | Noticed an eight-headed hydra
  5613 | D:8      | Reached skill level 10 in Unarmed Combat
  5903 | D:8      | Identified the +3 mace of Qaolleritt {vorpal, Will+ MP+9
                  | Int+5}
  5952 | D:8      | Found Qogotat's Magic Scroll Shop.
  6227 | D:9      | Found an ornate altar of the Wu Jian Council.
  6262 | D:9      | Noticed a two-headed ogre
  6267 | D:9      | Killed a two-headed ogre
  6268 | D:9      | Reached XP level 10. HP: 83/83 MP: 12/12
  6309 | D:9      | Reached skill level 5 in Invocations
  6426 | D:9      | Noticed a centaur warrior
  6427 | D:9      | Noticed a boulder beetle
  6433 | D:9      | Killed a centaur warrior
  6445 | D:9      | Noticed a centaur warrior
  6446 | D:9      | HP: 2/83 [centaur warrior/arrow (15)]
  6446 | D:9      | Shot with an arrow by a centaur warrior

Illustrated notes

Levels and vault maps discovered:
D:1:      lemuel_arrival_cross, layout_basic
D:2:      cheibrodos_old_hovel, layout_basic,
          hellmonk_ecumenical_altar_pennies_from_heaven, minmay_strange_pillars
D:3:      layout_basic, worldfamousw_hep_ancestral_shrine, serial_shops, shop
D:4:      layout_loops_cross, serial_shops, shop_fountains
D:5:      layout_cave_pools, minitemple, minmay_temple_entry_waves,
          uniq_duvessa, uniq_prince_ribbit1
D:6:      layout_gridville, mainiacjoe_overflow_24_doors, dk_noncrumbling_3
D:7:      layout_basic, hex_medium
D:8:      layout_basic, serial_shops, shop, st_stairs_9, minivault_12
D:9:      minmay_the_grid_octo_triangle [minmay_the_grid_octo_77,
          minmay_the_grid_octo_prize_single_spiral,
          minmay_the_grid_octo_fan_narrow], layout_loops_ring,
          lemuel_crystal_altar, mainiacjoe_overflow_catwalk, erik_orc_1,
          kennysheep_diamond, minivault_20

Skill      XL: |  1  2  3  4  5  6  7  8  9 10 |
---------------+-------------------------------+-----
Unarmed Combat | 4 5 6 7 8 9 10 | 10.7
Fighting       | 3 4 |  4.2
Dodging        | 3 5 6 |  6.7
Invocations    | 2 4 5 |  5.5
Evocations     | 3 |  3.6
Stealth        | |  1.0

Action                   |  1- 3 |  4- 6 |  7- 9 | 10-12 || total
-------------------------+-------+-------+-------+-------++-------
Melee: Unarmed           |    94 |    64 |   171 |    28 ||   357
       Punch             |     1 |     2 |    13 |     2 ||    18
Invok: Ancestor Life: Kn |       |     1 |       |       ||     1
       Ancestor Identity |       |     1 |       |       ||     1
       Recall Ancestor   |       |       |     2 |       ||     2
  Use: Scroll            |     4 |     4 |     9 |     1 ||    18
       Potion            |     1 |       |       |       ||     1
 Stab: Sleeping          |     4 |     2 |       |     1 ||     7
       Distracted        |       |       |     3 |       ||     3
Armor: Robe              |    18 |    24 |    67 |       ||   109
       Steam dragon scal |       |       |       |    13 ||    13
Dodge: Dodged            |    37 |    36 |   103 |    16 ||   192
